 Dungeon Crawl Stone Soup version 0.30.0 (webtiles) character file.

Game seed: 635536548222106388

51 Dani the Chopper (level 3, 29/29 HPs)
             Began as a Demonspawn Fighter on May 20, 2023.
             Was a Follower of Lugonu.
             Quit the game on level 2 of the Dungeon.
             The game lasted 00:01:51 (967 turns).

Dani the Chopper (Demonspawn Fighter)                Turns: 967, Time: 00:01:51

Health: 29/29      AC:  8    Str: 16    XL:     3   Next: 58%
Magic:  3/3        EV:  8    Int: 11    God:    Lugonu [*.....]
Gold:   15         SH:  4    Dex: 12    Spells: 2/2 levels left

rFire   . . .        a - +1 war axe
rCold   . . .        c - +0 buckler
rNeg    . . .        b - +1 scale mail
rPois   .            (no helmet)
rElec   .            (no cloak)
rCorr   .            g - +0 pair of gloves
SInv    .            (no boots)
Will    .....        (no amulet) Stlth
                     (no ring)
HPRegen 0.24/turn    (no ring)
MPRegen 0.08/turn

%: no passive effects
@: no status effects
A: hooves 2
a: Renounce Religion, Depart the Abyss


You were on level 2 of the Dungeon.
You worshipped Lugonu.
Lugonu was aware of your devotion.
You visited 1 branch of the dungeon, and saw 2 of its levels.

You collected 15 gold pieces.

Inventory:

Hand Weapons
 a - a +1 war axe (weapon)
Armour
 b - a +1 scale mail (worn)
 c - a +0 buckler (worn)
 g - a +0 pair of gloves (worn)
   (You found it on level 1 of the Dungeon)
Scrolls
 e - a scroll of noise {unknown}
 B - a scroll of blinking
 M - a scroll of magic mapping
 T - a scroll of teleportation
Potions
 d - a potion of might
 f - 3 potions of lignification
 j - 2 potions of mutation {unknown}


   Skills:
 - Level 3.0 Fighting
 + Level 3.6 Axes
 - Level 2.6 Armour
 - Level 2.6 Shields


You had 2 spell levels left.
You didn't know any spells.
Your spell library contained the following spells:

 Spells                   Type           Power      Damage    Failure   Level
 Slow                     Hex            0%         N/A       86%         1
 Confusing Touch          Hex            0%         N/A       99%         3
 Vampiric Draining        Necr           0%         2d6       99%         3


Dungeon Overview and Level Annotations

Branches:
Dungeon (2/15)

Altars:
Lugonu

Shops:
D:1 ?


Innate Abilities, Weirdness & Mutations

You have hoof-like feet.


Message History

Unknown command.
There is a stone staircase leading down here.
You climb downwards.
Level annotation: Robin
There is a stone staircase leading up here.
A hobgoblin comes into view.
Things that are here:
a +0 dagger; a +0 club 2 goblins come into view.
The goblin shouts!
You hear a shout! x2
The hobgoblin hits you but does no damage.
A goblin comes into view. It is wielding a +0 dagger.
Things that are here:
a +0 dagger; a +0 club
There is a stone staircase leading up here.
You hit the hobgoblin.
The hobgoblin is almost dead.
The hobgoblin hits you.
You completely miss the hobgoblin.
The hobgoblin is almost dead.
You block the hobgoblin's attack.
You hit the hobgoblin.
You kill the hobgoblin!
You hit the goblin.
You kill the goblin!
No target in view!
No target in view!
No target in view!
No target in view!
You start resting.
A goblin is nearby!
You closely miss the goblin. The goblin hits you but does no damage.
The goblin hits you with a +0 dagger.
You hit the goblin.
You kill the goblin!
Robin hits you from afar with a +0 spear.
An endoplasm comes into view.
The endoplasm quivers.
The goblin hits you but does no damage.
Robin roars a battlecry!
The goblin goes into a battle-frenzy!
Items here: )))) ††.
You hit Robin.
Robin is moderately wounded.
You closely miss the goblin. You block Robin's attack.
The goblin hits you but does no damage.
You hit Robin.
Robin is heavily wounded.
You slash the goblin!
You kill the goblin!
Robin closely misses you.
You completely miss Robin. Your kick misses Robin.
Robin is heavily wounded.
You hit the endoplasm. The endoplasm freezes you.
You are frozen.
Robin hits you but does no damage. x2
The endoplasm freezes you.
You are frozen.
You slash Robin!
You kill Robin!
You barely miss the endoplasm. The endoplasm completely misses you.
You hit the endoplasm.
The endoplasm is almost dead.
The endoplasm freezes you.
You are frozen.
The endoplasm hits you but does no damage.
You hit the endoplasm.
You kill the endoplasm!
No target in view!
No target in view!
HP restored.
Items here: ))) [[ †.
Things that are here:
a +0 dagger; a +0 robe; a goblin corpse A ball python is nearby!
A ball python is nearby!
A ball python is nearby!
A ball python is nearby!
A ball python is nearby!
The ball python hisses angrily.
A hobgoblin comes into view.
The hobgoblin shouts!
There are monsters nearby!
The ball python closely misses you. The ball python barely misses you.
There are monsters nearby!
You slash the ball python!
You kill the ball python!
A hobgoblin is nearby!
The hobgoblin hits you but does no damage.
A hobgoblin is nearby!
You slash the hobgoblin!
You kill the hobgoblin!
No target in view!
No target in view!
There is a faded altar of an unknown god here.
This altar belongs to (a) Lugonu, (b) Ashenzari or (c) Cheibriados, but you can't tell which.
Press the corresponding letter to learn more about a god, or press enter to convert or escape to cancel.
Lugonu accepts your prayer! Lugonu welcomes you!
You can now depart the Abyss.
Are you sure you want to abandon this character and quit the game? (Confirm with "yes".)

#. .# ##.## .#
.... .# ##..##.###
#........#
#....8...#
#...8.8..#
#..8.@.8.#
#...8.8..#
#.####....8...#
#................
######...##.####.#
#.### .# # #.# .#
#.# .# #.#


There were no monsters in sight!

Vanquished Creatures
  Robin (D:2)
  3 ball pythons
  A bat (D:1)
  4 endoplasms
  2 giant cockroaches (D:1)
  9 goblins
  9 hobgoblins
  3 frilled lizards (D:1)
  A kobold (D:2)
33 creatures vanquished.

Notes
Turn   | Place    | Note
-------+----------+-------------------------------------------
     0 | D:1      | Dani the Demonspawn Fighter began the quest for the Orb.
     0 | D:1      | Reached XP level 1. HP: 18/18 MP: 1/1
   127 | D:1      | Reached skill level 2 in Axes
   160 | D:1      | Found Onleshaju's Magic Scroll Emporium.
   351 | D:1      | Gained mutation: You have large cloven feet. [demonic
                  | ancestry]
   351 | D:1      | Reached XP level 2. HP: 24/24 MP: 2/2
   662 | D:2      | Reached skill level 3 in Axes
   673 | D:2      | Found a faded altar of an unknown god.
   675 | D:2      | Noticed Robin
   675 | D:2      | HP: 2/24 [goblin/sling bullet[Robin] (20)]
   811 | D:2      | Gained mutation: You have hoof-like feet. [demonic
                  | ancestry]
   811 | D:2      | Reached XP level 3. HP: 21/29 MP: 3/3
   914 | D:2      | Killed Robin
   966 | D:2      | Prayed at the altar of an unknown god.
   966 | D:2      | Became a worshipper of Lugonu the Unformed
   966 | D:2      | Reached * piety under Lugonu
   967 | D:2      | Quit the game

Illustrated notes

Levels and vault maps discovered:
D:1:      lightli_arrival_statue_moat, layout_loops_ring, serial_shops,
          nicolae_shop_window_shopping, minivault_25
D:2:      layout_loops_ring, chequers_ecumenical_altar_simple_redux, uniq_robin

Skill      XL: |  1  2 |
---------------+-------+-----
Axes           | 2 3 |  3.6
Fighting       | |  3.0
Armour         | |  2.6
Shields        | |  2.6

Action                     || total
---------------------------++-------
  Melee: War axe           ||    58
         Kick              ||     6
    Use: Scroll            ||     7
 Armour: Scale mail        ||    28
  Dodge: Dodged            ||    17
  Block: Buckler           ||    14

Levels and vault maps discovered:
D:1:      lightli_arrival_statue_moat, layout_loops_ring, serial_shops,
          nicolae_shop_window_shopping, minivault_25
D:2:      layout_loops_ring, chequers_ecumenical_altar_simple_redux, uniq_robin

Table legend: (Time is in decaauts)
 A = Elapsed time spent in this place.
 B = Non-inter-level travel time spent in this place.
 C = Inter-level travel time spent in this place.
 D = Time resting spent in this place.
 E = Time spent auto-exploring this place.
 F = Levels seen in this place.
 G = Mean time per level.
                   A        B        C        D        E       F      G
               +--------+--------+--------+--------+--------+-----+--------+
         Total |    991 |    937 |     54 |      8 |    731 |   2 |  495.5 |
       Dungeon |    991 |    937 |     54 |      8 |    731 |   2 |  495.5 |
               +--------+--------+--------+--------+--------+-----+--------+

Top non-repeatable levels by time:
     D:1: 857 daAuts
     D:2: 133 daAuts

Table legend:
 A = Kills in this place as a percentage of kills in the entire game.
 B = Kills by you in this place as a percentage of kills by you in the entire game.
 C = Kills by friends in this place as a percentage of kills by friends in the entire game.
 D = Other kills in this place as a percentage of other kills in the entire game.
 E = Experience gained in this place as a percentage of experience gained in the entire game.
 F = Experience gained in this place divided by the number of levels of this place that you have seen.
                   A       B       C       D       E      F
               +-------+-------+-------+-------+-------+----------------------
         Total | 100.0 | 100.0 |   N/A |   N/A | 100.0 |  37.0
       Dungeon | 100.0 | 100.0 |   N/A |   N/A | 100.0 |  37.0
               +-------+-------+-------+-------+-------+----------------------
